 Dungeon Crawl Stone Soup version 0.29-a0-233-g1125b37a9b (webtiles) character file.

Game seed: 2396904129186933874

359 n8rtot the Scratcher (level 6, -4/28 HPs)
             Began as a Felid Berserker on Mar 1, 2022.
             Was a Believer of Trog.
             Engulfed by a steam dragon's steam (9 damage)
             ... on level 7 of the Dungeon.
             The game lasted 00:28:11 (6236 turns).

n8rtot the Scratcher (Felid Berserker)              Turns: 6236, Time: 00:28:12

Health: -4/28      AC:  2    Str: 15    XL:     6   Next: 37%
Magic:  16/16      EV: 19    Int:  9    God:    Trog [**....]
Gold:   112        SH:  0    Dex: 15    Spells: 5/5 levels left
                                        Lives:  0   Deaths: 1

rFire   . . .      SeeInvis +     - Unarmed
rCold   . . .      Faith    .   (shield unavailable)
rNeg    . . .      Spirit   .   (body armour unavailable)
rPois   .          Reflect  .   (helmet unavailable)
rElec   .          Harm     .   (cloak unavailable)
rCorr   .          Rampage  .   (gloves unavailable)
Will    ++...      Clarity  +   (boots unavailable)
Stlth   +++.......              (no amulet)
HPRegen 1.09/turn               h - ring of magical power
MPRegen 0.15/turn               (no ring)

@: strong-willed, regenerating, quick
A: very small, claws 1, fangs 3, see invisible, speed 1, shaggy fur 2, stealthy
paws, no weapons or thrown items, no armour, multi-lived, clarity, MP-powered
wands
a: Renounce Religion, Berserk, Trog's Hand


You were on level 7 of the Dungeon.
You worshipped Trog.
Trog was pleased with you.
You visited 1 branch of the dungeon, and saw 6 of its levels.

You collected 209 gold pieces.
You spent 97 gold pieces at shops.

Inventory:

Missiles
 j - 15 stones
Jewellery
 b - an amulet of faith
 h - a ring of magical power (left paw)
 n - a ring of ice
 r - a ring of wizardry
Scrolls
 c - a scroll of holy word
 d - 2 scrolls of noise
 e - a scroll of teleportation
 g - a scroll of acquirement
 l - a scroll of identify
 m - a scroll of immolation
 q - a scroll of magic mapping {unknown}
Potions
 a - a potion of flight
 f - a potion of haste
 i - a potion of degeneration
 k - a potion of mutation
 p - a potion of attraction {unknown}


   Skills:
 + Level 3.7 Fighting
 + Level 5.5 Dodging
 * Level 5.0 Stealth
 + Level 6.1 Unarmed Combat


You had 5 spell levels left.
You didn't know any spells.
Your spell library contained the following spells:

 Spells                   Type           Power      Damage    Failure   Level
 Tukima's Dance           Hex            0%         N/A       77%         3
 Anguish                  Hex/Necr       0%         N/A       99%         4
 Enfeeble                 Hex            0%         N/A       100%        7


Dungeon Overview and Level Annotations

Branches:
Dungeon (5/15)
 Temple: D:4-7

Altars:
Fedhas
Sif Muna

Shops:
D:4 [=[?

Annotations:
D:4 Edmund, Sigmund
D:5 1 runed translucent door, sirJeffrey23's ghost, novice DsMo


Innate Abilities, Weirdness & Mutations

You have sharp claws.
You have razor-sharp teeth.
You have supernaturally acute eyesight. (SInv)
You cover ground quickly. (Speed+)
You are covered in thick fur. (AC +2)
Your paws help you pounce on unaware monsters.
You are incapable of wielding weapons or throwing items.
You cannot wear armour.
You gain extra lives every three experience levels.
You possess an exceptional clarity of mind.
You expend magic power (3 MP) to strengthen your wands.


Message History

Trog accepts your kill.
Your Stealth skill increases to level 5!
Your Unarmed Combat skill increases to level 6!
You start resting.
HP restored.
A steam dragon comes into view.
The steam dragon misses you. The steam dragon closely misses you.
You scratch the steam dragon.
The steam dragon is lightly wounded.
The steam dragon bites you. The steam dragon closely misses you.
You closely miss the steam dragon.
You bite the steam dragon, but do no damage.
The steam dragon is lightly wounded.
You barely miss the steam dragon.
The steam dragon is lightly wounded.
The steam dragon bites you. The steam dragon misses you.
You scratch the steam dragon.
The steam dragon is moderately wounded.
The steam dragon bites you! The steam dragon claws you.
You closely miss the steam dragon. You claw the steam dragon.
The steam dragon is moderately wounded.
The steam dragon closely misses you. The steam dragon completely misses you.
You scratch the steam dragon but do no damage.
The steam dragon is moderately wounded.
The steam dragon breathes steam at you. The ball of steam misses you.
You barely miss the steam dragon.
The steam dragon is moderately wounded.
You are engulfed in a cloud of scalding steam.
* * * LOW HITPOINT WARNING * * *
The steam dragon barely misses you. The steam dragon misses you.
Welcome back, n8rtot the Felid Berserker.
Trog says: Kill them all!
Press ? for a list of commands and other information.
Unknown command.
Unknown command.
Your skin crawls.
You feel strong-willed.
You are engulfed in a cloud of scalding steam.
You die...

#......###
#........## .
##.........## ..
#...........# ...
##.............
....
###....####......
.....##.....##
......
...........##
......
......D@ยงยง##
..### .........##
.## ........##
.........
.........
#####..... ###...
##...


You could see a steam dragon (catching breath).

Vanquished Creatures
  An ogre (D:3)
  A phantom (D:4)
  A necrophage (D:7)
  A scorpion (D:5)
  2 jellies
  2 orc wizards
  5 adders
  3 worms (D:2)
  3 dart slugs
  7 orcs
  7 ball pythons
  7 endoplasms
  5 giant cockroaches
  6 hobgoblins
  5 jackals
  5 quokkas
  6 bats
  4 frilled lizards
  4 goblins
  6 kobolds
  A rat (D:1)
  A spectral kobold (D:2)
83 creatures vanquished.

Notes
Turn   | Place    | Note
-------+----------+-------------------------------------------
     0 | D:1      | n8rtot the Felid Berserker began the quest for the Orb.
     0 | D:1      | Reached XP level 1. HP: 10/10 MP: 2/2
   285 | D:1      | Reached XP level 2. HP: 14/14 MP: 3/3
   817 | D:1      | Reached ** piety under Trog
  1085 | D:1      | Reached XP level 3. HP: 11/17 MP: 4/4
  1301 | D:2      | Reached skill level 1 in Stealth
  1456 | D:2      | Gained mutation: You possess an exceptional clarity of
                  | mind. [potion of mutation]
  1456 | D:2      | Gained mutation: You expend magic power (3 MP) to
                  | strengthen your wands. [potion of mutation]
  1640 | D:2      | Found a faded altar of an unknown god.
  2323 | D:2      | Reached XP level 4. HP: 16/21 MP: 5/5
  2859 | D:3      | Reached skill level 4 in Unarmed Combat
  2886 | D:3      | Found a blossoming altar of Fedhas.
  3007 | D:3      | Noticed an ogre
  3301 | D:3      | Identified a scroll of acquirement
  3532 | D:3      | Killed an ogre
  3533 | D:3      | Reached skill level 5 in Dodging
  3533 | D:3      | Reached XP level 5. HP: 24/24 MP: 6/6
  4212 | D:4      | Found Enuedwat's Antique Armour Shoppe.
  4217 | D:5      | Entered Level 5 of the Dungeon
  4219 | D:5      | Reached skill level 5 in Unarmed Combat
  4650 | D:4      | Noticed a phantom
  4902 | D:4      | Killed a phantom
  4903 | D:4      | Gained mutation: You are covered in thick fur. (AC +2)
                  | [Felid growth]
  4903 | D:4      | Reached XP level 6. HP: 13/28 MP: 7/7
  5100 | D:4      | Found Soeh's Jewellery Shoppe.
  5349 | D:4      | Noticed Sigmund
  5363 | D:4      | Noticed Edmund
  5449 | D:4      | Found Bastirro's Magic Scroll Emporium.
  5471 | D:4      | Bought a scroll of blinking for 97 gold pieces
  5509 | D:4      | Found Zogiosma's Armour Shop.
  5634 | D:5      | Slain by an ogre
  5635 | D:5      | Reached XP level 5. HP: -1/24 MP: 15/15
  5680 | D:5      | Noticed a centaur
  5870 | D:5      | Found a shimmering blue altar of Sif Muna.
  6014 | D:5      | Found a runed translucent door.
  6022 | D:5      | Reached XP level 6. HP: 27/28 MP: 7/7
  6026 | D:5      | Noticed sirJeffrey23's ghost (novice DsMo)
  6088 | D:5      | You fall into a shaft and drop 2 floors!
  6094 | D:7      | Reached skill level 5 in Stealth
  6094 | D:7      | Reached skill level 6 in Unarmed Combat
  6224 | D:7      | Noticed a steam dragon
  6236 | D:7      | Engulfed by a steam dragon's steam

Illustrated notes

Levels and vault maps discovered:
D:1:      dpeg_arrival_rooms_c, layout_basic, serial_bayou_pond_d, nrook_uturn
D:2:      layout_loops_corners, dreamdust_ecumenical_altar_drowned_temple
D:3:      layout_basic, fedhas_altar_2
D:4:      layout_rooms, serial_shops, nicolae_shop_hallway_plus,
          kennysheep_mini_moat, shop, shop, uniq_sigmund, uniq_edmund
D:5:      layout_cave_pools, kennysheep_orc_sif_temple, ebering_ghost_sewer_d,
          chequers_serial_rivers_large_a, bh_walls_and_bars
D:7:      layout_layer_cave, nicolae_uskayaw_en_pointe, temple_green,
          hangedman_feature_mirror, uniq_maggie, uniq_harold

Skill      XL: |  1  2  3  4  5  6 |
---------------+-------------------+-----
Stealth        | 1 3 4 5 |  5.0
Unarmed Combat | 4 5 6 |  6.1
Dodging        | 5 |  5.5
Fighting       | |  3.7

Action                   |  1- 3 |  4- 6 || total
-------------------------+-------+-------++-------
Melee: Unarmed           |   109 |   170 ||   279
       Bite              |     8 |    15 ||    23
       Punch             |     4 |     3 ||     7
Invok: Trog's Hand       |       |     1 ||     1
  Use: Scroll            |     5 |     9 ||    14
       Potion            |     3 |       ||     3
 Stab: Sleeping          |       |     4 ||     4
Armor: Skin              |     7 |     8 ||    15
Dodge: Dodged            |    73 |   145 ||   218

Table legend: (Time is in decaauts)
 A = Elapsed time spent in this place.
 B = Non-inter-level travel time spent in this place.
 C = Inter-level travel time spent in this place.
 D = Time resting spent in this place.
 E = Time spent auto-exploring this place.
 F = Levels seen in this place.
 G = Mean time per level.
                   A        B        C        D        E       F      G
               +--------+--------+--------+--------+--------+-----+--------+
         Total |   5592 |   5592 |      0 |   1959 |   2187 |   6 |  932.0 |
       Dungeon |   5592 |   5592 |      0 |   1959 |   2187 |   6 |  932.0 |
               +--------+--------+--------+--------+--------+-----+--------+

Top non-repeatable levels by time:
     D:2: 1614 daAuts
     D:3: 1189 daAuts
     D:1: 1113 daAuts
     D:4: 1100 daAuts
     D:5: 430 daAuts
     D:7: 143 daAuts
